 Dungeon Crawl Stone Soup version 0.13-a0-2538-gc238810 (console) character file.

45167 Kellhus the Basher (level 13, 0/95 HPs)
             Began as a Mummy Chaos Knight on July 28, 2013.
             Was a Plaything of Xom.
             Slain by a yak (11 damage)
             ... on Level 6 of the Lair of Beasts.
             The game lasted 01:09:56 (27723 turns).

Kellhus the Basher (Mummy Chaos Knight)            Turns: 27723, Time: 01:09:56

HP   0/95        AC 27     Str 23      XL: 13   Next: 91%
MP  13/13        EV  5     Int 11      God: Xom
Gold 1618        SH  0     Dex 11      Spells:  0 memorised, 12 levels left

Res.Fire  : x . .   See Invis. : .   a - +5,+2 flail (drain) (curse)
Res.Cold  : + . .   Warding    : .   w - +2 orc plate armour
Life Prot.: + + +   Conserve   : .   i - -2 shield of Xulit {Str+4 Acc+4 Curse}
Res.Poison: +       Res.Corr.  : .   k - +2 elf wizard hat
Res.Elec. : .       Clarity    : .   R - +1 dwarf cloak
Sust.Abil.: . .     Spirit.Shd : .   z - +0 pair of gloves
Res.Mut.  : .       Stasis     : .   (no boots)
Res.Rott. : +       Flight     : .   (no amulet)
Saprovore : . . .                    U - +4 ring of protection
                                     e - ring of regeneration

@: confused, quite resistant to hostile enchantments, extremely unstealthy
A: no food or potions, fire vulnerability, in touch with death, restore body,
cold resistance 1, life protection 3, poison resistance, torment resistance,
unbreathing
a: Self-Restoration, Renounce Religion


You were on level 6 of the Lair of Beasts.
You worshipped Xom.
You were a special plaything of Xom.
You were not hungry.

You visited 2 branches of the dungeon, and saw 19 of its levels.

You collected 1598 gold pieces.

Inventory:

Hand weapons
 a - a cursed +5,+2 flail of draining (weapon)
 L - a +1,+0 dagger of distortion (quivered)
Missiles
 n - 29 poisoned needles
Armour
 i - the -2 shield of Xulit (worn) {Str+4 Acc+4 Curse}
   (You found it on level 6 of the Dungeon)

   It affects your strength (+4).
   It affects your accuracy (+4).
   It may recurse itself.
 k - a +2 elven wizard hat (worn)
 w - a +2 orcish plate armour (worn)
 z - a +0 pair of gloves (worn)
 R - a +1 dwarven cloak (worn)
Magical devices
 g - a wand of polymorph (0)
 j - a wand of teleportation (0)
 l - a wand of flame (17)
 o - a wand of flame (0)
 u - a wand of disintegration (11)
 x - a wand of slowing (5)
 K - a wand of magic darts (6)
 N - a wand of confusion (11)
 O - a wand of confusion (14)
 P - a wand of lightning (6)
 V - a wand of polymorph (0)
 X - a wand of magic darts (7)
Scrolls
 c - 12 scrolls of remove curse
 h - a scroll of magic mapping
 p - a scroll of amnesia {unknown}
 H - 5 scrolls of teleportation
 J - a scroll of fear
 M - 11 scrolls of identify
Jewellery
 b - an uncursed ring of ice
 e - a ring of regeneration (left hand)
 f - an uncursed ring of protection from fire
 m - a cursed -2 ring of dexterity
 F - the ring of Hiosoes {-Cast Str+5 Dam+2}
   (You found it on level 7 of the Dungeon)

   [ring of strength]

   It affects your strength (+5).
   It affects your damage-dealing abilities (+2).
   It prevents spellcasting.
 U - a +4 ring of protection (right hand)
 Y - the ring "Schearal" {Ice Dex+3 SInv}
   (You found it on level 1 of the Lair of Beasts)

   [ring of ice]

   It affects your dexterity (+3).
   It enhances your eyesight.
Books
 D - a book of Burglary

   Spells                             Type                      Level
   Apportation                        Translocation                1
   Swiftness                          Charms/Air                   2
   Passwall                           Transmutation/Earth          3
   Passage of Golubria                Translocation                4
   Lee's Rapid Deconstruction         Earth                        5
   Darkness                           Hexes                        7
 G - a book of Maledictions

   Spells                             Type                      Level
   Corona                             Hexes                        1
   Sure Blade                         Hexes/Charms                 2
   Ensorcelled Hibernation            Hexes/Ice                    2
   Confuse                            Hexes                        3
   Enslavement                        Hexes                        4
   Invisibility                       Hexes                        6
 Z - Xom's Incunabulum of the Ten Gods
   (Xom gifted it to you on level 1 of the Lair of Beasts)

   Spells                             Type                      Level
   Mephitic Cloud                     Conjuration/Poison/Air       3
   Venom Bolt                         Conjuration/Poison           5
   Bolt of Draining                   Conjuration/Necromancy       6
   Poisonous Cloud                    Conjuration/Poison/Air       6
Miscellaneous
 d - a lamp of fire
 T - a stone of tremors


   Skills:
 + Level 8.4 Fighting
 - Level 14.0 Maces & Flails
 - Level 10.8 Armour
 - Level 0.7 Dodging
 - Level 8.2 Shields


You had 12 spell levels left.
You didn't know any spells.

Dungeon Overview and Level Annotations

Branches:
Dungeon (12/27)            Temple (0/1) D:4             Orc (0/4) D:6
   Lair (7/8) D:12         Shoals (0/5) Lair:6        Snake (0/5) Lair:6
 Spider (0/5) Lair:5        Slime (0/6) Lair:6

Altars:
Kikubaaqudgha
Nemelex Xobeh
Xom
Yredelemnul
Zin

Shops:
D:7: /[

Annotations
D:4 Juliette's ghost, experienced HOFi
D:7 exclusion: door
Lair:5 exclusion: ice statue
Lair:7 Bikaver's ghost, powerful LOBe


Innate Abilities, Weirdness & Mutations

You do not eat or drink.
Your flesh is vulnerable to fire.
You are in touch with the powers of death.
You can restore your body by infusing magical energy.
Your flesh is cold resistant.
You are immune to negative energy.
Your system is resistant to poisons.
You are immune to unholy pain and torment.
You can survive without breathing.


Message History

The lemure hits you but does no damage. The lemure hits you.
* * * LOW HITPOINT WARNING * * *
The lemure hits you but does no damage. The yak gores you but does no damage.
The shadow imp hits you but does no damage.
The hound stops to sniff the ground.
The hound bites you but does no damage. The lemure hits you but does no damage.
The lemure barely misses you.
The green rat bites you but does no damage.
Evoke which item? (* to show all) (? for menu, Esc to quit)
Okay, then.
The hound bites you but does no damage. The yak gores you.
* * * LOW HITPOINT WARNING * * *
The shadow imp grins evilly.
The shadow imp barely misses you. The lemure hits you but does no damage.
The lemure hits you but does no damage.
The green rat bites you but does no damage.
Unknown command.
The hound barely misses you. The yak gores you!
You die...
Xom giggles madly!

##### #...### ########
###.f#.P###..#...#
#.(.......Hr....##
#.......rY5rrb..#
##......%lH55rrr.#
#......P#f#Y@h#..###
#P.....########...f#
###.....####.###...##
####......##.##.#f....#
P.##.#....#...........#
................%....f#
.....................f#
....#..#.##....####..##
.....#f####...## ##..#


You could see a griffon, a komodo dragon, 2 yaks, a hippogriff, a hound, a
quasit, 7 green rats, a lemure, a shadow imp and a bat.

Vanquished Creatures
  2 hydras (Lair:4)
  Fannar (Lair:3)
  Josephine (D:12)
  4 death yaks
  An unseen horror (D:12)
  The ghost of Liquorice the Covert, an experienced SpEn of Okawaru (D:7)
  A catoblepas (Lair:3)
  A griffon (Lair:5)
  4 cyclopes
  2 hill giants
  19 elephants
  A black mamba (Lair:6)
  Psyche (D:9)
  Nergalle (D:10)
  Urug (D:10)
  A swamp dragon (Lair:5)
  Grinder (D:3)
  2 fire drakes
  A queen ant (Lair:3)
  A wandering mushroom (Lair:6)
  A polar bear (Lair:5)
  2 slime creatures (D:10)
  A two-headed ogre (D:9)
  17 yaks
  An eye of devastation (shapeshifter) (Lair:2)
  3 trolls (D:10)
  3 hill giant zombies
  A shadow (D:7)
  2 hungry ghosts
  Eustachio (D:10)
  4 vampire mosquitoes (D:12)
  3 spiny frogs
  16 blink frogs
  6 hippogriffs
  3 wyverns
  Edmund (D:5)
  A neqoxec (Lair:5)
  6 porcupines
  14 wolves
  3 sharks (Lair:6)
  2 basilisks
  2 trapdoor spiders
  A steam dragon (Lair:7)
  10 soldier ants (Lair:3)
  2 manticores
  6 komodo dragons
  A sky beast (D:12)
  A black bear (Lair:2)
  11 ice beasts
  3 ogres
  A centaur (D:9)
  Sigmund (D:3)
  A giant goldfish (Lair:6)
  5 giant slugs
  10 crocodiles
  A big kobold (D:10)
  12 giant frogs
  A cyclops zombie (D:12)
  Blork the orc (D:9)
  A wyvern skeleton (D:8)
  5 water moccasins
  A hippogriff zombie (D:6)
  3 orc warriors
  9 agate snails
  6 killer bees
  2 yak skeletons
  A hippogriff skeleton (D:12)
  3 jellyfish
  9 wights
  3 electric eels
  10 crimson imps
  2 centaur zombies
  5 quasits
  2 goliath beetles
  A big fish (D:7)
  A giant frog skeleton (D:11)
  12 orc wizards
  3 centaur skeletons
  8 hounds
  2 pulsating lumps (Lair:6)
  6 scorpions
  19 worker ants
  7 orc priests
  4 orange rats (Lair:7)
  A mottled dragon zombie (D:10)
  10 sheep
  7 jellies
  A big kobold skeleton (D:12)
  A hound zombie (D:6)
  2 hound skeletons
  A spider (Lair:5)
  10 iguanas
  A killer bee simulacrum (D:12)
  25 adders
  An adder (shapeshifter) (D:1)
  3 gnolls
  2 lemures
  2 shadow imps
  5 giant centipedes
  2 white imps
  7 giant mites
  A goliath beetle zombie (D:6)
  27 green rats
  13 worms
  An ufetubus (Lair:2)
  5 giant eyeballs
  10 giant geckos
  47 orcs
  3 giant cockroaches
  14 hobgoblins
  18 jackals
  17 kobolds
  An ooze (D:2)
  15 quokkas
  2 ball pythons
  34 bats
  2 giant newts
  14 goblins
  A goblin skeleton (D:10)
  A hobgoblin skeleton (D:6)
  A jackal zombie (D:6)
  A kobold zombie (D:5)
  23 rats
  A rat zombie (D:6)
  11 ballistomycetes
  A plant (D:12)
678 creatures vanquished.

Vanquished Creatures (collateral kills)
  A death yak (Lair:3)
  3 blink frogs (Lair:5)
  3 yaks
  An ogre (D:12)
  Duvessa (D:5)
  A giant frog (Lair:4)
  A troll skeleton (D:12)
  A jellyfish (D:7)
  A crimson imp (Lair:3)
  A worker ant (D:5)
  2 green rats (Lair:3)
  A worm (Lair:3)
  An ufetubus (Lair:3)
  A giant eyeball (D:5)
  A giant gecko (Lair:5)
  An orc (D:8)
  A bat (Lair:2)
  A hobgoblin (D:8)
  A rat (D:8)
24 creatures vanquished.

Vanquished Creatures (others)
  A dancing weapon (Lair:3)
  2 ynoxinuls
  An ice beast (Lair:3)
  2 ogres (D:8)
  An orc warrior (D:8)
  A centaur (D:8)
  A porcupine (Lair:3)
  A giant frog (D:8)
  2 killer bees (D:12)
  2 crimson imps (D:12)
  4 hounds (D:8)
  4 quasits
  4 lemures
  An adder (D:8)
  3 white imps
  A green rat (Lair:2)
  10 shadow imps
  6 ufetubi
  3 orcs
  A bat (Lair:2)
  4 giant spores
  A kobold (D:8)
  A fungus (Lair:4)
  2 plants
59 creatures vanquished.

Grand Total: 761 creatures vanquished

Notes
Turn   | Place    | Note
--------------------------------------------------------------
     0 | D:1      | Kellhus, the Mummy Chaos Knight, began the quest for the Orb.
     0 | D:1      | Reached XP level 1. HP: 16/16 MP: 1/1
   188 | D:1      | Reached XP level 2. HP: 16/22 MP: 2/2
   375 | D:1      | XOM: divination: detect creatures
   629 | D:1      | XOM: divination: detect creatures
   674 | D:1      | Reached XP level 3. HP: 20/28 MP: 3/3
   812 | D:1      | XOM: colour smoke trail
  1125 | D:2      | XOM: mild Divn miscast
  1324 | D:2      | Reached skill level 4 in Maces & Flails
  1556 | D:2      | Reached XP level 4. HP: 34/34 MP: 4/4
  1756 | D:2      | Found a basalt altar of Yredelemnul.
  1787 | D:2      | XOM: noise
  2083 | D:3      | XOM: divination: detect items
  2159 | D:3      | Noticed Grinder
  2185 | D:3      | XOM: noise
  2431 | D:3      | XOM: divination: magic mapping
  2632 | D:3      | Noticed Sigmund
  2660 | D:4      | XOM: mild Conj miscast
  2674 | D:4      | Found a staircase to the Ecumenical Temple.
  2692 | D:4      | XOM: silly message
  2807 | D:4      | Found an ancient bone altar of Kikubaaqudgha.
  2822 | D:4      | Found a glowing silver altar of Zin.
  2822 | D:4      | Noticed an angel
  2877 | D:4      | Noticed an ice beast
  2882 | D:4      | Killed an ice beast
  2882 | D:4      | Reached skill level 5 in Maces & Flails
  2882 | D:4      | Reached XP level 5. HP: 39/39 MP: 5/5
  2930 | D:4      | XOM: divination: detect creatures
  3057 | D:4      | Reached XP level 6. HP: 36/46 MP: 6/6
  3135 | D:4      | Paralysed by a giant eyeball for 3 turns
  3141 | D:4      | Paralysed by a giant eyeball for 2 turns
  3461 | D:4      | Noticed Juliette's ghost (experienced HOFi)
  3461 | D:4      | XOM: summons friendly crimson imp
  3497 | D:4      | XOM: divination: detect creatures
  3693 | D:2      | XOM: colour smoke trail
  3898 | D:3      | Killed Sigmund
  3898 | D:3      | Reached skill level 6 in Maces & Flails
  4031 | D:3      | XOM: summons 3 friendly demons
  4039 | D:3      | XOM: confuse monster(s)
  4051 | D:3      | Killed Grinder
  4051 | D:3      | Reached skill level 7 in Maces & Flails
  4051 | D:3      | Reached XP level 7. HP: 44/51 MP: 7/7
  4093 | D:3      | XOM: scenery: 3 doors close
  4312 | D:4      | XOM: vitrification
  4323 | D:5      | Entered Level 5 of the Dungeon
  4400 | D:5      | XOM: noise
  4439 | D:5      | XOM: mild Tloc miscast
  4547 | D:5      | Noticed Duvessa
  4547 | D:5      | Noticed Dowan
  4556 | D:5      | Noticed Dowan
  4556 | D:5      | Dowan changed into Dowan the worker ant
  4556 | D:5      | XOM: polymorph Dowan -> Dowan the worker ant
  4560 | D:5      | XOM: confuse monster(s)
  4565 | D:5      | XOM: summons 7 friendly demons
  4567 | D:5      | Killed Dowan the worker ant
  4580 | D:5      | Killed Duvessa
  4650 | D:5      | XOM: cast spell 'Blink'
  4685 | D:5      | Found a sparkling altar of Nemelex Xobeh.
  4703 | D:5      | XOM: enchant monster (good)
  4824 | D:5      | Noticed Edmund
  4844 | D:5      | Killed Edmund
  4844 | D:5      | Reached skill level 8 in Maces & Flails
  4902 | D:5      | Found a basalt altar of Yredelemnul.
  4926 | D:5      | Found a sparkling altar of Nemelex Xobeh.
  5377 | D:6      | XOM: mild Divn miscast
  5398 | D:5      | Reached XP level 8. HP: 47/58 MP: 8/8
  5489 | D:5      | XOM: divination: detect creatures
  5800 | D:5      | XOM: divination: detect creatures
  6155 | D:6      | Got a pitted shield
  6162 | D:6      | Identified the cursed -2 shield of Xulit {Str+4 Acc+4 Curse} (You found it on level 6 of the Dungeon)
  6187 | D:6      | Got a steaming leather armour
  6368 | D:6      | Reached skill level 9 in Maces & Flails
  6611 | D:6      | XOM: swap weapons
  6690 | D:6      | XOM: swap weapons
  6694 | D:6      | XOM: summons 2 friendly demons
  7088 | D:6      | XOM: noise
  7106 | D:6      | XOM: enchant monster (good)
  7111 | D:6      | XOM: enchant monster (bad)
  7344 | D:6      | XOM: polymorph orc warrior -> jelly
  7672 | D:6      | XOM: snakes to sticks
  7913 | D:6      | Reached skill level 10 in Maces & Flails
  7975 | D:6      | Found a staircase to the Orcish Mines.
  8100 | D:6      | XOM: god gift: potion of curing
  8149 | D:6      | XOM: harmless Tloc miscast
  8308 | D:7      | Found Vin Car's Armour Boutique.
  8312 | D:7      | Reached XP level 9. HP: 52/63 MP: 9/9
  8341 | D:7      | XOM: medium Conj miscast
  8519 | D:7      | Found Thrawom's Magical Wand Shoppe.
  8526 | D:7      | Noticed Liquorice's ghost (experienced SpEn)
  8566 | D:7      | Killed Liquorice's ghost
  8613 | D:7      | XOM: mild Trmt miscast
  8683 | D:7      | Got an ancient tin ring
  8687 | D:7      | Identified the ring of Hiosoes {-Cast Str+5 Dam+2} (You found it on level 7 of the Dungeon)
  8765 | D:7      | Reached skill level 11 in Maces & Flails
  8909 | D:7      | XOM: medium Necr miscast
  8913 | D:7      | XOM: silly message
  8937 | D:7      | XOM: 4-stop teleportation journey
  9219 | D:7      | XOM: confusion (+ monsters)
  9618 | D:8      | XOM: noise
  9685 | D:8      | XOM: vitrification
  9758 | D:8      | Paralysed by a giant eyeball for 2 turns
  9775 | D:7      | XOM: divine lightning (protected)
  9779 | D:7      | XOM: polymorph orc warrior -> sheep
 10148 | D:7      | XOM: scenery: create altars
 10170 | D:8      | Paralysed by a giant eyeball for 4 turns
 10234 | D:8      | XOM: summons 2 friendly demons
 10448 | D:7      | XOM: chaos upgrade
 10453 | D:7      | XOM: enchant monster (good)
 10974 | D:8      | Reached skill level 12 in Maces & Flails
 11094 | D:8      | Found a shimmering altar of Xom.
 11324 | D:9      | Reached XP level 10. HP: 66/69 MP: 10/10
 11397 | D:9      | XOM: summons friendly shadow imp
 11503 | D:9      | XOM: harmless Summ miscast
 11676 | D:9      | XOM: colour smoke trail
 11900 | D:9      | XOM: colour smoke trail
 11941 | D:9      | Noticed Psyche
 11963 | D:9      | Killed Psyche
 12028 | D:9      | XOM: colour smoke trail
 12392 | D:9      | XOM: colour smoke trail
 12693 | D:9      | XOM: vitrification
 12700 | D:9      | XOM: swap monsters
 12701 | D:9      | Noticed Blork the orc
 12801 | D:10     | Entered Level 10 of the Dungeon
 12856 | D:10     | XOM: potion effect (curing)
 12974 | D:10     | XOM: potion effect (might)
 12980 | D:10     | Reached skill level 13 in Maces & Flails
 13018 | D:10     | XOM: potion effect (experience)
 13018 | D:10     | Reached XP level 11. HP: 75/75 MP: 11/11
 13019 | D:10     | XOM: noise
 13035 | D:9      | XOM: mild Trmt miscast
 13055 | D:10     | Noticed Eustachio
 13098 | D:9      | Killed Blork the orc
 13135 | D:10     | Noticed Nergalle
 13136 | D:10     | XOM: potion effect (speed)
 13156 | D:10     | XOM: summons friendly iron imp
 13166 | D:10     | XOM: enchant monster (good)
 13291 | D:10     | Killed Nergalle
 13308 | D:10     | Got a warped trident
 13421 | D:10     | Killed Eustachio
 13472 | D:10     | XOM: confuse monster(s)
 13502 | D:10     | Paralysed by a giant eyeball for 3 turns
 13627 | D:10     | Found a basalt altar of Yredelemnul.
 13703 | D:10     | XOM: confuse monster(s)
 13711 | D:10     | XOM: harmless Conj miscast
 13825 | D:10     | XOM: divination: detect items
 13830 | D:10     | Noticed Urug
 13892 | D:10     | Killed Urug
 14060 | D:10     | Paralysed by a giant eyeball for 3 turns
 14666 | D:11     | XOM: harmless Hex miscast
 14765 | D:11     | Paralysed by a giant eyeball for 4 turns
 14772 | D:11     | Paralysed by a giant eyeball for 4 turns
 14786 | D:11     | XOM: potion effect (might)
 14825 | D:11     | Noticed a hill giant
 14834 | D:11     | Killed a hill giant
 14834 | D:11     | Reached skill level 14 in Maces & Flails
 14890 | D:11     | Paralysed by a giant eyeball for 4 turns
 14940 | D:11     | XOM: mild Pois miscast
 15056 | D:11     | XOM: harmless Trmt miscast
 15082 | D:11     | Paralysed by a giant eyeball for 4 turns
 15089 | D:11     | Paralysed by a giant eyeball for 4 turns
 15111 | D:11     | XOM: potion effect (might)
 15126 | D:11     | Reached XP level 12. HP: 77/82 MP: 12/12
 15133 | D:11     | XOM: potion effect (heal wounds)
 15290 | D:11     | XOM is BORED!
 15290 | D:11     | XOM: noise
 15301 | D:11     | XOM: harmless Pois miscast
 15497 | D:12     | XOM: confusion
 15522 | D:12     | Noticed Josephine
 15522 | D:12     | XOM: summons 10 friendly demons
 15532 | D:12     | XOM: summons friendly quasit
 15533 | D:12     | XOM: summons 5 friendly demons
 15534 | D:12     | XOM: swap monsters
 15548 | D:12     | Killed Josephine
 15548 | D:12     | Reached skill level 5 in Fighting
 15601 | D:12     | Found a staircase to the Lair.
 15880 | D:12     | XOM: summons 5 friendly demons
 15909 | D:12     | XOM: vitrification
 15938 | D:12     | XOM: confuse monster(s)
 16015 | D:12     | XOM: summons 3 friendly demons
 16064 | D:12     | XOM: confuse monster(s)
 16065 | D:12     | XOM: divine lightning (protected)
 16131 | D:12     | XOM is BORED!
 16131 | D:12     | XOM: noise
 16179 | Lair:1   | Entered Level 1 of the Lair of Beasts
 16307 | Lair:1   | Found an ancient bone altar of Kikubaaqudgha.
 16350 | Lair:1   | Got a warped marble ring
 16351 | Lair:1   | Identified the ring "Schearal" {Ice Dex+3 SInv} (You found it on level 1 of the Lair of Beasts)
 16444 | Lair:1   | XOM: inner flame monster(s)
 16492 | Lair:1   | XOM: enchant monster (good)
 16506 | Lair:1   | XOM: cast spell 'Summon Ice Beast'
 16515 | Lair:1   | XOM: enchant monster (good)
 16516 | Lair:1   | Reached skill level 1 in Shields
 16630 | Lair:1   | XOM: god gift: blackened book {god gift}
 16631 | Lair:1   | Identified Xom's Incunabulum of the Ten Gods (Xom gifted it to you on level 1 of the Lair of Beasts)
 17313 | Lair:2   | XOM: scenery: create altars
 17451 | Lair:2   | XOM: divine lightning (protected)
 17684 | Lair:2   | XOM: swap monsters
 17704 | Lair:2   | XOM: summons 6 hostile demons
 17835 | Lair:2   | XOM: divination: magic mapping
 17845 | Lair:2   | XOM: confuse monster(s)
 17851 | Lair:2   | XOM: divination: detect creatures
 17852 | Lair:2   | XOM: summons 2 friendly demons
 17856 | Lair:2   | XOM: summons 7 friendly demons
 17962 | Lair:2   | XOM: polymorph elephant -> manticore
 17974 | Lair:2   | Noticed an anaconda
 17974 | Lair:2   | a glowing shapeshifter changed into an anaconda
 17975 | Lair:2   | XOM: confuse monster(s)
 17979 | Lair:2   | an anaconda changed into an eye of devastation
 17985 | Lair:2   | XOM: confuse monster(s)
 18519 | Lair:3   | Noticed Fannar
 18530 | Lair:3   | Killed Fannar
 18530 | Lair:3   | Reached skill level 5 in Shields
 18919 | Lair:3   | XOM: vitrification
 18941 | Lair:3   | XOM: god gift: 25 gold pieces
 18986 | Lair:3   | XOM: polymorph green rat -> quokka
 18988 | Lair:3   | XOM: summons friendly white imp
 18989 | Lair:3   | XOM: confuse monster(s)
 19173 | Lair:3   | XOM: cast spell 'Death Channel'
 19516 | Lair:3   | XOM: polymorph worker ant -> hound
 19558 | Lair:3   | XOM: inner flame monster(s)
 19566 | Lair:3   | XOM: cast spell 'Summon Ice Beast'
 19774 | Lair:3   | Reached XP level 13. HP: 92/95 MP: 13/13
 19842 | Lair:3   | XOM: silly message
 20066 | Lair:3   | XOM: enchant monster (good)
 20091 | Lair:3   | XOM: enchant monster (good)
 20133 | Lair:3   | XOM: harmless Fire miscast
 20605 | Lair:4   | XOM: divination: magic mapping
 20607 | Lair:3   | XOM: confuse monster(s)
 20608 | Lair:3   | XOM: confusion
 20611 | Lair:3   | XOM: summons 2 friendly demons
 20895 | Lair:4   | XOM: swap monsters
 20901 | Lair:4   | XOM: confuse monster(s)
 20904 | Lair:4   | XOM: potion effect (heal wounds)
 20912 | Lair:4   | XOM: summons 4 friendly demons
 20928 | Lair:4   | XOM: severe Erth miscast
 20951 | Lair:4   | XOM: summons friendly quasit
 21019 | Lair:3   | XOM: confuse monster(s)
 21024 | Lair:3   | XOM: summons 8 friendly demons
 21031 | Lair:3   | XOM: polymorph iron imp -> lemure
 21063 | Lair:4   | XOM: summons 2 friendly demons
 21375 | Lair:4   | XOM: confuse monster(s)
 21408 | Lair:4   | XOM: god gift: 3 royal jellies
 21486 | Lair:4   | XOM: enchant monster (bad)
 21899 | Lair:4   | XOM: cast spell 'Cause Fear'
 22409 | Lair:4   | XOM: divination: detect creatures
 22686 | Lair:5   | XOM: confusion
 22783 | Lair:5   | XOM: 5-stop teleportation journey
 22957 | Lair:5   | XOM: divination: magic mapping
 22965 | Lair:5   | XOM: summons 11 friendly demons
 23130 | Lair:5   | XOM is BORED!
 23130 | Lair:5   | XOM: medium Summ miscast
 23464 | Lair:5   | Found a hole to the Spider Nest.
 23720 | Lair:5   | XOM: confusion
 23740 | Lair:5   | XOM: harmless Chrm miscast
 23742 | Lair:5   | XOM: harmless Divn miscast
 23747 | Lair:5   | XOM: confuse monster(s)
 23748 | Lair:5   | XOM: confuse monster(s)
 23753 | Lair:5   | XOM: cast spell 'Blink'
 23763 | Lair:5   | XOM: harmless Divn miscast
 24067 | Lair:5   | XOM: harmless Divn miscast
 24325 | Lair:5   | XOM: summons 2 friendly demons
 24328 | Lair:5   | XOM: vitrification
 24330 | Lair:5   | XOM: polymorph elephant -> swamp dragon
 24340 | Lair:5   | XOM: enchant monster (good)
 24677 | Lair:6   | Reached skill level 10 in Armour
 24796 | Lair:6   | Found a staircase to the Shoals.
 25072 | Lair:6   | XOM: divination: detect items
 25234 | Lair:6   | Found a staircase to the Slime Pits.
 25248 | Lair:6   | Found a staircase to the Snake Pit.
 25311 | Lair:6   | XOM: noise
 25320 | Lair:5   | XOM: potion effect (might)
 25323 | Lair:5   | XOM: confuse monster(s)
 25324 | Lair:5   | XOM: noise
 25594 | Lair:6   | XOM: summons friendly ufetubus
 25645 | Lair:6   | XOM: confusion
 25816 | Lair:6   | XOM: mild Fire miscast
 25932 | Lair:6   | XOM: mild Pois miscast
 25958 | Lair:6   | XOM is BORED!
 25958 | Lair:6   | XOM: polymorph plant -> wandering mushroom
 26303 | Lair:6   | XOM: noise
 26429 | Lair:6   | XOM: enchant monster (bad)
 26556 | Lair:7   | XOM: harmless Hex miscast
 26576 | Lair:7   | XOM: enchant monster (bad)
 26924 | Lair:7   | XOM: summons 3 hostile demons
 26941 | Lair:7   | XOM: silly message
 26960 | Lair:7   | XOM: 2-stop teleportation journey
 27092 | Lair:7   | XOM: confusion (+ monsters)
 27435 | Lair:7   | XOM: harmless Pois miscast
 27446 | Lair:7   | XOM: god gift: 380 gold pieces
 27449 | Lair:7   | XOM: confuse monster(s)
 27452 | Lair:7   | XOM: enchant monster (good)
 27610 | Lair:7   | Noticed Bikaver's ghost (powerful LOBe)
 27632 | Lair:7   | XOM: silly message
 27660 | Lair:6   | XOM: potion effect (heal wounds)
 27664 | Lair:6   | XOM: repel stairs
 27680 | Lair:6   | XOM: noise
 27694 | Lair:6   | XOM: summons 3 hostile demons
 27696 | Lair:6   | XOM: confusion
 27701 | Lair:6   | XOM: summons 5 hostile shadow creatures
 27705 | Lair:6   | XOM: medium Pois miscast
 27717 | Lair:6   | XOM: mild Trmt miscast
 27718 | Lair:6   | XOM: blink monster(s)
 27723 | Lair:6   | Slain by a yak

Action                   |  1- 3 |  4- 6 |  7- 9 | 10-12 | 13-15 || total
-------------------------+-------+-------+-------+-------+-------++-------
Melee: Mace              |   119 |   120 |    42 |     4 |       ||   285
       Flail             |       |    44 |   603 |  1131 |   895 ||  2673
Evoke: Wand              |       |     8 |    26 |     5 |     5 ||    44
  Use: Scroll            |       |       |    17 |     6 |     4 ||    27
 Stab: Paralysed         |       |     1 |       |     1 |     3 ||     5
       Confused          |       |       |     1 |    14 |     4 ||    19
       Petrifying        |       |       |     1 |     1 |       ||     2
       Distracted        |       |       |       |     1 |     1 ||     2
       Fleeing           |       |       |       |       |     2 ||     2
